 Dungeon Crawl Stone Soup version 0.27-b1-41-gafb5482f4b (webtiles) character file.

Game seed: 14431905123975287271

179 ZARRMARR the Insei (level 5, 0/37 HPs)
             Began as a Merfolk Transmuter on July 28, 2021.
             Slain by a gnoll (3 damage)
             ... on level 3 of the Dungeon.
             The game lasted 00:22:22 (6141 turns).

ZARRMARR the Insei (Merfolk Transmuter)             Turns: 6141, Time: 00:22:23

Health: 0/37       AC:  4    Str: 10    XL:     5   Next: 59%
Magic:  8/8        EV:  6    Int: 13    God:
Gold:   141        SH:  0    Dex: 15    Spells: 7/8 levels left

rFire    . . .     SeeInvis .     - Unarmed
rCold    . . .     Faith    .   (no shield)
rNeg     . . .     Spirit   .   c - +1 leather armour
rPois    .         Reflect  .   (helmet currently unavailable)
rElec    .         Harm     .   (no cloak)
rCorr    .         Rampage  .   (no gloves)
Will     .....                  (boots currently unavailable)
Stlth    +.........             (no amulet)
HPRegen  0.12/turn              (no ring)
MPRegen  0.11/turn              (no ring)

@: about to teleport, appendages (expiring), held
A: horns 2, (nimble swimmer 2), mertail
a: End Transformation


You were on level 3 of the Dungeon.
You had temporarily grown beastly horns.
You visited 1 branch of the dungeon, and saw 4 of its levels.

You collected 141 gold pieces.

Inventory:

Hand Weapons
 g - a +1 dagger of electrocution
Missiles
 b - 105 stones
 j - 25 poisoned darts (quivered)
Armour
 a - a +0 robe
 c - a +1 leather armour (worn)
Potions
 d - 3 potions of degeneration
 e - a potion of invisibility {unknown}
 f - 2 potions of mutation {unknown}
 k - a potion of curing {unknown}
 l - a potion of heal wounds {unknown}


   Skills:
 + Level 1.3 Fighting
 + Level 1.4 Throwing
 + Level 1.6 Armour
 + Level 3.0 Dodging
 + Level 0.4 Stealth
 + Level 4.3 Unarmed Combat
 + Level 2.4 Spellcasting
 + Level 4.0 Transmutations


You had 7 spell levels left.
You knew the following spells:

 Your Spells              Type           Power      Damage    Failure   Level
a - Beastly Appendage     Tmut           24%        N/A       6%          1

Your spell library contained the following spells:

 Spells                   Type           Power      Damage    Failure   Level
 Wereblood                Tmut           12%        N/A       9%          2
 Animate Skeleton         Necr           2%         N/A       32%         1
 Apportation              Tloc           2%         N/A       32%         1
 Corona                   Hex            1%         N/A       32%         1
 Summon Small Mammal      Summ           4%         N/A       32%         1
 Spider Form              Tmut/Pois      3%         N/A       38%         3
 Ignite Poison            Fire/Tmut/Pois 5%         N/A       50%         3
 Conjure Flame            Conj/Fire      1%         6-21      67%         3
 Frozen Ramparts          Ice            2%         1d2       67%         3
 Ice Form                 Ice/Tmut       6%         N/A       80%         4
 Sticky Flame             Conj/Fire      1%         2d3       97%         4
 Summon Ice Beast         Ice/Summ       1%         N/A       97%         4


Dungeon Overview and Level Annotations

Branches:
Dungeon (4/15)
 Temple: D:4-7

Altars:

Shops:
D:1 :


Innate Abilities, Weirdness & Mutations

You have temporarily grown beastly horns.
((You are quick and stealthy near water. (Stealth+, EV+, Speed+++)))
Your lower body shifts to a powerful aquatic tail in water.


Message History

You start resting.
HP restored.
You start waiting.
Done waiting.
You climb downwards.
The gnoll throws a throwing net.
The throwing net hits you.
You become entangled in the net!
The gnoll hits you with a +0 club. x2
There is a stone staircase leading up here.
You see here a throwing net.
Casting: Beastly Appendage (safe; 6% risk of failure)
Confirm with . or Enter, or press ? or * to list all spells.
You grow a pair of large bovine horns.
A gnoll comes into view. It is wielding a +0 spear.
The gnoll hits you with a +0 club.
You tear a large gash into the net.
The gnoll barely misses you.
You struggle against the net.
The gnoll hits you with a +0 club.
You rip the net and break free!
The gnoll closely misses you. The gnoll barely misses you.
You hit the gnoll.
The gnoll is lightly wounded.
You closely miss the gnoll.
The gnoll is lightly wounded.
The gnoll hits you with a +0 club. The gnoll hits you with a +0 whip!
The gnoll closely misses you.
The gnoll hits you from afar with a +0 spear.
You climb upwards.
Your transformation is almost over.
There is a stone staircase leading down here.
As you read the scroll of teleportation, it crumbles to dust.
You feel strangely unstable. The gnoll hits you with a +0 whip!
* * * LOW HITPOINT WARNING * * *
The gnoll hits you with a +0 club.
* * * LOW HITPOINT WARNING * * *
The gnoll throws a throwing net.
The throwing net hits you.
You become entangled in the net!
You see here a throwing net.
You struggle against the net.
The gnoll hits you but does no damage.
You struggle against the net.
The gnoll barely misses you. The gnoll hits you with a +0 club.
You die...

#.#.###..###..##..######......+..
..............................#..
#.#...........##..##.............
#.#..##..##......................
..............##..######.........
#.#..##..#....##..## #...........
...)...............#####..#......
........##.....gg............#.##
........##....##@............#.##
#.##.##.##....##...............##
#.##.##.##.......................
#............................#.##
#.##.##.##.......................
#.##....................###.##.##
#.#####.#..........#.##.# #.##.##
#.# #)#......)...#.##.###......
#.#####.#......................##


You could see 2 gnolls.

Vanquished Creatures
  Jessica (D:3)
  A howler monkey skeleton (D:2)
  4 gnolls
  2 adders (D:2)
  3 dart slugs
  2 orcs (D:3)
  8 ball pythons
  A bat (D:1)
  7 endoplasms
  2 giant cockroaches (D:1)
  9 goblins
  2 hobgoblins
  9 jackals
  7 kobolds
  4 quokkas
  5 frilled lizards
  5 rats
72 creatures vanquished.

Notes
Turn   | Place    | Note
-------+----------+-------------------------------------------
     0 | D:1      | ZARRMARR the Merfolk Transmuter began the quest for the
                  | Orb.
     0 | D:1      | Reached XP level 1. HP: 15/15 MP: 3/3
    85 | D:1      | Found Netrar's Book Shop.
   623 | D:1      | Reached XP level 2. HP: 19/21 MP: 3/5
  1387 | D:1      | Reached XP level 3. HP: 18/26 MP: 4/6
  2992 | D:2      | Reached XP level 4. HP: 32/32 MP: 5/7
  3915 | D:2      | Reached skill level 1 in Armour
  4917 | D:3      | Reached skill level 1 in Throwing
  4917 | D:3      | Reached XP level 5. HP: 15/37 MP: 8/8
  4967 | D:3      | Noticed Jessica
  5824 | D:3      | Killed Jessica
  6141 | D:3      | Slain by a gnoll

Illustrated notes

Levels and vault maps discovered:
D:1:      dpeg_arrival_stone_temple_mockup, layout_loops_corners, serial_shops,
          shop
D:2:      layout_basic
D:3:      layout_basic, uniq_jessica
D:4:      layout_rooms, tso_altar, minmay_ruined_shrine

Skill      XL: |  1  2  3  4  5 |
---------------+----------------+-----
Transmutations | 3 4 |  4.0
Unarmed Combat | 4 |  4.3
Armour         | 1 |  1.6
Throwing       | 1 |  1.4
Dodging        | 3 |  3.0
Fighting       | |  1.3
Stealth        | |  0.4
Spellcasting   | |  2.4

Action                   |  1- 3 |  4- 6 || total
-------------------------+-------+-------++-------
Melee: Unarmed           |   128 |    65 ||   193
       Headbutt          |    13 |    12 ||    25
       Punch             |     1 |     1 ||     2
       Dagger            |       |    13 ||    13
Throw: Stone             |    67 |    30 ||    97
       Dart              |       |    31 ||    31
 Cast: Beastly Appendage |    26 |    19 ||    45
  Use: Scroll            |     3 |     3 ||     6
Armor: Leather armour    |    32 |    11 ||    43
Dodge: Dodged            |    73 |    35 ||   108
